 Dungeon Crawl Stone Soup version 0.28-a0-850-g09de17f5b5 (webtiles) character file.

Game seed: 6709703559149676112

98 BinkBink the Ducker (level 4, -3/23 HPs)
             Began as a Spriggan Abyssal Knight on Nov 14, 2021.
             Was a Believer of Lugonu.
             Killed by divine providence
             ... invoked by an orc priest
              (10 damage)
             ... on level 3 of the Dungeon.
             The game lasted 00:07:31 (4507 turns).

BinkBink the Ducker (Spriggan Abyssal Knight)       Turns: 4507, Time: 00:07:31

Health: -3/23      AC:  2    Str:  9    XL:     4   Next: 43%
Magic:  6/6        EV: 19    Int: 11    God:    Lugonu [**....]
Gold:   74         SH:  0    Dex: 16    Spells: 3/3 levels left

rFire   . . .      SeeInvis +   a - +2 short sword
rCold   . . .      Faith    .   (shield restricted)
rNeg    . . .      Spirit   .   b - +0 robe
rPois   .          Reflect  .   (helmet restricted)
rElec   .          Harm     .   (no cloak)
rCorr   .          Rampage  .   (gloves unavailable)
Will    .....                   (boots unavailable)
Stlth   ++........              (no amulet)
HPRegen 0.07/turn               (no ring)
MPRegen 0.10/turn               (no ring)

@: very quick
A: very small, no large weapons, unfitting armour, see invisible, speed 3
a: Renounce Religion, Depart the Abyss, Bend Space


You were on level 3 of the Dungeon.
You worshipped Lugonu.
Lugonu was pleased with you.
You visited 1 branch of the dungeon, and saw 3 of its levels.
You visited the Abyss 1 time.

You collected 74 gold pieces.

Inventory:

Hand Weapons
 a - a +2 short sword (weapon)
Armour
 b - a +0 robe (worn)
Scrolls
 f - 3 scrolls of brand weapon {unknown}
 h - 2 scrolls of noise
Potions
 c - 2 potions of brilliance
 d - 2 potions of lignification
 e - a potion of might {unknown}


   Skills:
 - Level 2.9 Fighting
 - Level 2.7 Short Blades
 + Level 4.7 Dodging
 + Level 3.0 Stealth
 - Level 2.0 Invocations


You had 3 spell levels left.
You didn't know any spells.
Your spell library was empty.

Dungeon Overview and Level Annotations

Branches:
Dungeon (3/15)

Altars:


Innate Abilities, Weirdness & Mutations

You are very small and have problems with some larger weapons.
You are too small for most types of armour.
You have supernaturally acute eyesight. (SInv)
You cover ground extremely quickly. (Speed+++)


Message History

The orc misses you.
You hit the orc.
You kill the orc!
Lugonu accepts your kill.
You can now bend space around yourself.
You hit the orc.
The orc is almost dead.
The orc misses you.
You hit the orc.
You kill the orc!
Lugonu accepts your kill.
Your Stealth skill increases to level 3!
You hit the orc.
The orc is heavily wounded.
The orc completely misses you.
You hit the orc.
The orc is almost dead.
The orc barely misses you. The orc priest completely misses you.
You barely miss the orc.
The orc is almost dead.
You hit the orc.
You kill the orc!
Lugonu accepts your kill. The orc priest completely misses you.
You barely miss the orc priest. The orc priest closely misses you.
You hit the orc priest but do no damage.
The orc priest hits you with a +1 mace of protection!
You hit the orc priest but do no damage.
The orc priest hits you with a +1 mace of protection!
* * * LOW HITPOINT WARNING * * *
You are too injured to fight recklessly!
You are too injured to fight recklessly!
You hit the orc priest but do no damage.
The orc priest misses you.
You barely miss the orc priest. The orc priest completely misses you.
You hit the orc priest but do no damage.
The orc priest closely misses you.
You barely miss the orc priest.
The orc priest invokes the aid of Beogh against you.
Beogh smites you!
You die...

# #. #.##.#######
#...........
#############...........
......o)##..............
##@##.##..#+##...##
#...........##...#
#.#.#.##.#####...#
#.#<.............#
..##.#.#.#######.# ###
#.#.#.# #.# ....#.# #.#
###.##.# #.# ...#.# #.##


You could see an orc priest.

Vanquished Creatures
  2 adders (D:2)
  A gnoll (D:1)
  3 worms (D:2)
  A dart slug (D:1)
  3 orcs (D:3)
  2 ball pythons (D:2)
  7 endoplasms
  2 giant cockroaches (D:2)
  5 hobgoblins (D:1)
  6 kobolds
  4 quokkas
  5 bats
  7 frilled lizards
  5 goblins
  3 rats (D:1)
56 creatures vanquished.

Notes
Turn   | Place    | Note
-------+----------+-------------------------------------------
     0 | Abyss:1  | BinkBink the Spriggan Abyssal Knight began the quest for
                  | the Orb.
     0 | Abyss:1  | Reached XP level 1. HP: 11/11 MP: 3/3
     9 | Abyss:1  | Noticed an apocalypse crab
    37 | D:1      | Escaped the Abyss
   362 | D:1      | Reached XP level 2. HP: 16/16 MP: 4/4
  1060 | D:1      | Reached * piety under Lugonu
  1149 | D:1      | Reached XP level 3. HP: 1/19 MP: 5/5
  2192 | D:2      | Reached skill level 1 in Stealth
  2202 | D:2      | Reached skill level 4 in Dodging
  2346 | D:2      | Found a faded altar of an unknown god.
  3104 | D:2      | Reached XP level 4. HP: 19/23 MP: 6/6
  4494 | D:3      | Reached ** piety under Lugonu
  4507 | D:3      | Killed from afar by an orc priest

Illustrated notes

Levels and vault maps discovered:
D:1:      roderic_chinese_lattice_arrival, layout_basic, glass_columns_c,
          corexii_leaking_fountain
D:2:      minmay_chambers_of_ones, layout_rooms,
          hellmonk_ecumenical_altar_arch_garden, nicolae_underground_beach
D:3:      layout_basic

Skill      XL: |  1  2  3  4 |
---------------+-------------+-----
Invocations    | 2 |  2.0
Stealth        | 2 3 |  3.0
Dodging        | 4 |  4.7
Fighting       | |  2.9
Short Blades   | |  2.7

Action                   |  1- 3 |  4- 6 || total
-------------------------+-------+-------++-------
Melee: Short sword       |   213 |    51 ||   264
Invok: Depart the Abyss  |     1 |       ||     1
  Use: Scroll            |     6 |       ||     6
       Potion            |       |     2 ||     2
 Stab: Sleeping          |     2 |     3 ||     5
Armor: Robe              |    22 |     3 ||    25
       Skin              |       |     2 ||     2
Dodge: Dodged            |   147 |    29 ||   176

Table legend: (Time is in decaauts)
 A = Elapsed time spent in this place.
 B = Non-inter-level travel time spent in this place.
 C = Inter-level travel time spent in this place.
 D = Time resting spent in this place.
 E = Time spent auto-exploring this place.
 F = Levels seen in this place.
 G = Mean time per level.
                   A        B        C        D        E       F      G
               +--------+--------+--------+--------+--------+-----+--------+
         Total |   3843 |   3811 |     32 |      0 |   3263 |   4 |  960.8 |
       Dungeon |   3818 |   3786 |     32 |      0 |   3257 |   3 | 1272.7 |
         Abyss |     25 |     25 |      0 |      0 |      5 |   1 |   25.0 |
               +--------+--------+--------+--------+--------+-----+--------+

Top non-repeatable levels by time:
     D:1: 1890 daAuts
     D:2: 1573 daAuts
     D:3: 354 daAuts
 Abyss:1: 25 daAuts
